 Dungeon Crawl Stone Soup version 0.30.1-4-g462c640d31 (webtiles) character file.

Game seed: 6546986493449687235

423 wingedge the Conjurer (level 6, 0/50 HPs)
             Began as a Demigod Conjurer on Aug 15, 2023.
             Slain by Duvessa
             ... wielding a +0 rapier
              (14 damage)
             ... on level 4 of the Dungeon.
             The game lasted 00:10:25 (3187 turns).

wingedge the Conjurer (Demigod Conjurer)            Turns: 3187, Time: 00:10:26

Health: 0/50       AC:  9    Str:  8    XL:     6   Next: 36%
Magic:  7/20       EV: 10    Int: 28    God:
Gold:   136        SH:  0    Dex: 12    Spells: 6/9 levels left

rFire   . . .        p - +2 spear (heavy)
rCold   . . .        s - orb {light}
rNeg    . . .        w - quicksilver dragon scales
rPois   .            (no helmet)
rElec   .            (no cloak)
rCorr   .            (no gloves)
SInv    .            (no boots)
Will    +....        (no amulet)
Stlth   +            l - ring of magical power
HPRegen 0.28/turn    (no ring)
MPRegen 0.17/turn

%: no passive effects
@: glowing
A: high MP 1, forlorn, divine attributes
a: no special abilities


You were on level 4 of the Dungeon.
You visited 1 branch of the dungeon, and saw 4 of its levels.

You collected 136 gold pieces.

Inventory:

Hand Weapons
 j - a +0 hand axe
 m - a +0 war axe
 p - a +2 heavy spear (weapon)
Missiles
 r - 3 poisoned darts
Armour
 a - a +0 robe
 i - a +0 leather armour
 o - the +0 scale mail of Poanirph {*Corrode rC+ Regen+ Str+2}
   (You found it on level 2 of the Dungeon)

   Str:       It affects your strength (+2).
   rC:        It protects you from cold.
   Regen:     It increases your rate of health regeneration.
   *Corrode:  It may corrode you when you take damage.
 s - an orb of light (worn)
 w - quicksilver dragon scales (worn)
Jewellery
 l - a ring of magical power (left hand)
Scrolls
 c - 3 scrolls of enchant weapon {unknown}
 e - a scroll of vulnerability {unknown}
 g - a scroll of teleportation {unknown}
 k - 3 scrolls of identify {unknown}
 n - a scroll of enchant armour {unknown}
 q - 2 scrolls of brand weapon {unknown}
 t - a scroll of noise {unknown}
 u - 2 scrolls of blinking {unknown}
 v - a scroll of fog {unknown}
Potions
 b - a potion of magic
 d - a potion of degeneration {unknown}
 f - a potion of haste
 h - a potion of curing {unknown}
 x - a potion of resistance {unknown}
 z - a potion of cancellation {unknown}


   Skills:
 + Level 2.6 Fighting
 + Level 2.3 Armour
 - Level 2.0 Dodging
 - Level 2.0 Stealth
 - Level 2.0 Spellcasting
 + Level 5.3 Conjurations
 + Level 2.1 Hexes


You had 6 spell levels left.
You knew the following spells:

 Your Spells              Type           Power      Damage    Failure   Level
a - Magic Dart            Conj           100%       1d8       3%          1
b - Searing Ray           Conj           64%        2d6       4%          2

Your spell library contained the following spells:

 Spells                   Type           Power      Damage    Failure   Level
 Dazzling Flash           Conj/Hex       46%        N/A       17%         3
 Tukima's Dance           Hex            14%        N/A       32%         3
 Portal Projectile        Hex/Tloc       16%        N/A       45%         3
 Fulminant Prism          Conj/Hex       11%        3d9       50%         4
 Iskenderun's Mystic Bla  Conj/Tloc      17%        2d5       65%         4
 Blade Hands              Tmut           1%         N/A       100%        5


Dungeon Overview and Level Annotations

Branches:
Dungeon (4/15)
 Temple: D:4-7

Shops:
D:3 =

Annotations:
D:3 dig
D:4 Duvessa


Innate Abilities, Weirdness & Mutations

You have an increased reservoir of magic. (+10% MP)
You shall have no god before yourself.
Your divine heritage dramatically boosts your attributes as you level up.


Message History

The searing ray hits Dowan but does no damage.
Dowan is severely wounded.
Duvessa hits you with a +0 rapier.
The searing ray hits Duvessa.
Duvessa is heavily wounded.
The searing ray hits Dowan!
You kill Dowan!
Duvessa weeps, and shakes her weapon.
Duvessa goes berserk!
You finish channelling your searing ray.
Duvessa hits you with a +0 rapier. Duvessa hits you with a +0 rapier!
Casting: Searing Ray (safe; 4% risk of failure)
Confirm with . or Enter, or press ? or * to list all spells.
Okay, then.
Casting: Searing Ray (safe; 4% risk of failure)
Confirm with . or Enter, or press ? or * to list all spells.
Aiming: Searing Ray (safe; 4% risk of failure)
Press: ? - help, Shift-Dir - straight line, f - Duvessa
Aim: Duvessa, wielding a +0 rapier and wearing a +0 ring mail (heavily wounded, berserk, fast, haloed, 89% to hit)
The searing ray hits Duvessa.
Duvessa is heavily wounded. (Press . to maintain the ray.) Duvessa barely misses you.
The searing ray hits Duvessa.
Duvessa is severely wounded.
Duvessa hits you with a +0 rapier! Duvessa hits you with a +0 rapier.
* * * LOW HITPOINT WARNING * * *
Okay, then.
Okay, then.
You aren't carrying any items that you can evoke.
Unknown command.
The searing ray hits Duvessa.
Duvessa is severely wounded.
Duvessa hits you with a +0 rapier.
* * * LOW HITPOINT WARNING * * *
The searing ray hits Duvessa!
Duvessa is almost dead.
You finish channelling your searing ray.
Duvessa hits you with a +0 rapier!
You die...

##.# #......#
#.# .......
#.####......#
#.##.....##
#...........#
#..........
#...........#
###.#######
#...........#
##..#
#.).........#
##..##
#...........#
##..#######
##........)..#
#..........
##...........#
#@#########
##...........#
#e# # #)..e# #
..##e# . #.##
# . .. #...
...#.#.
...#.#.####
..........#


You could see Duvessa (berserk, fast).

Vanquished Creatures
  Sigmund (D:4)
  A lemure (D:4)
  A scorpion (D:4)
  Dowan (D:4)
  An iguana (D:4)
  4 gnolls (D:2)
  An adder (D:3)
  5 dart slugs
  6 orcs
  4 endoplasms
  4 giant cockroaches
  2 goblins
  6 hobgoblins
  2 jackals (D:3)
  5 quokkas
  2 ball pythons (D:3)
  4 bats
  3 frilled lizards
  6 kobolds
  2 rats
61 creatures vanquished.

Notes
Turn   | Place    | Note
-------+----------+-------------------------------------------
     0 | D:1      | wingedge the Demigod Conjurer began the quest for the Orb.
     0 | D:1      | Reached XP level 1. HP: 14/14 MP: 5/5
   283 | D:1      | Reached skill level 4 in Conjurations
   567 | D:1      | Reached XP level 2. HP: 16/20 MP: 0/7
   641 | D:1      | Learned a level 2 spell: Searing Ray
  1151 | D:2      | Identified the +0 scale mail of Poanirph {*Corrode rC+
                  | Regen+ Str+2}
  1391 | D:2      | Reached skill level 1 in Fighting
  1427 | D:2      | Reached XP level 3. HP: 25/28 MP: 8/8
  2003 | D:3      | Reached XP level 4. HP: 35/35 MP: 9/9
  2377 | D:3      | Found Satsoxt's Jewellery Shoppe.
  2833 | D:4      | Reached skill level 1 in Armour
  2833 | D:4      | Reached skill level 1 in Hexes
  2833 | D:4      | Reached XP level 5. HP: 34/41 MP: 10/10
  2868 | D:4      | Reached skill level 5 in Conjurations
  2923 | D:4      | Noticed Sigmund
  2933 | D:4      | Killed Sigmund
  2934 | D:4      | Reached XP level 6. HP: 46/50 MP: 7/11
  3174 | D:4      | Noticed Duvessa
  3174 | D:4      | Noticed Dowan
  3183 | D:4      | Killed Dowan
  3187 | D:4      | Slain by Duvessa

Illustrated notes

Levels and vault maps discovered:
D:1:      dpeg_arrival_tiny_a, layout_basic, roderic_nine_men_s_morris
D:2:      layout_rooms
D:3:      layout_basic, lemuel_tele_altar, serial_shops,
          nicolae_shop_competitors_out_of_business, due_unseen_surprise
D:4:      layout_basic, uniq_pikel, uniq_crazy_yiuf_cottage, uniq_sigmund,
          uniq_duvessa

Skill      XL: |  1  2  3  4  5 |
---------------+----------------+-----
Conjurations   | 4 5 |  5.3
Spellcasting   | 2 |  2.0
Stealth        | 2 |  2.0
Dodging        | 2 |  2.0
Fighting       | 1 2 |  2.6
Armour         | 1 2 |  2.3
Hexes          | 1 2 |  2.1

Action                     |  1- 3 |  4- 6 || total
---------------------------+-------+-------++-------
  Melee: Unarmed           |     6 |       ||     6
         Hand axe          |     4 |       ||     4
   Cast: Magic Dart        |    60 |     8 ||    68
         Searing Ray       |    11 |    23 ||    34
   Stab: Sleeping          |     1 |       ||     1
 Armour: Robe              |     5 |       ||     5
         Quicksilver drago |       |     4 ||     4
  Dodge: Dodged            |    23 |    18 ||    41
